Canadiens vs Stars
Created - 24 septembre 2014 at 22:26
Goals
|
| Canadiens |
2 |
0 |
2 |
1 |
5 |
| Stars |
1 |
1 |
2 |
0 |
4 |
|
Shots
|
| Canadiens |
10 |
8 |
3 |
1 |
22 |
| Stars |
19 |
8 |
8 |
0 |
35 |
|
1st period
1. Canadiens , Patrick Marleau 1 (Saku Koivu, Radim Vrbata) at 3:10
2. Canadiens , Marek Svatos 1 (Pierre-Marc Bouchard, Nicklas Lidstrom) at 13:10
3. Stars , Henrik Sedin 1 (Pavel Kubina) at 13:31
Penalties :
Ryan Callahan (Mon) for Hooking (Minor) at 8:48
2nd period
4. Stars , Henrik Sedin 2 (Daniel Sedin, Filip Novak) at 11:11
Penalties :
Henrik Sedin (Dal) for Tripping (Minor) at 3:40, Saku Koivu (Mon) for Tripping (Minor) at 6:59, Pierre-Marc Bouchard (Mon) for Hooking (Minor) at 16:08, Jeff Woywitka (Mon) for Tripping (Minor) at 18:20
3rd period
5. Stars , Evgeny Artyukhin 1 (Pavel Kubina, Brendan Bell) at 13:47
6. Canadiens , Mike Ribeiro 1 (Brett Clark) at 18:44
7. Canadiens , Marek Svatos 2 (Nicklas Lidstrom) at 19:52
8. Stars , Henrik Sedin 3 (Alexei Morozov) at 19:56
Penalties :
Dennis Wideman (Mon) for Unsportsmanlike conduct (Major / Game Misconduct) at 1:35, Sean Avery (Dal) for Boarding (Minor) at 15:24
Overtime #1
9. Canadiens , Pierre-Marc Bouchard 1 (Marek Svatos) at 0:54
Penalties :
No Penalty
Goalie Stats
Jaroslav Halak (Mon), 31 saves from 35 shots - (0,886), W, 1-1-0, 60:54 minutes
Pascal Leclaire (Dal), 17 saves from 22 shots - (0,773), OTL, 0-0-1, 60:54 minutes
Players Stats for Canadiens
Player Name G A P +/- PIM S H SB GA TA FO MP PP MP PK MP
------------------------------------------------------------------------------------
Brett Clark 0 1 1 3 0 0 1 1 0 1 0/0 22:55 0:00 6:47
Dennis Wideman 0 0 0 -1 15 0 0 3 0 0 0/0 14:09 0:54 0:43
Jamie Lundmark 0 0 0 -1 0 0 0 0 0 0 5/12 14:18 0:00 7:05
Jeff Woywitka 0 0 0 -2 2 1 3 4 0 1 0/0 25:31 1:50 5:28
Josh Gorges 0 0 0 0 0 1 0 0 0 0 0/0 16:41 0:00 5:48
Marek Svatos 2 1 3 2 0 3 1 0 1 0 0/0 14:30 1:41 0:00
Matt Carle 0 0 0 0 0 0 1 0 0 2 0/0 17:56 0:56 5:48
Michel Ouellet 0 0 0 0 0 2 0 1 1 1 0/1 12:53 0:05 7:01
Mike Ribeiro 1 0 1 2 0 3 2 1 1 0 5/14 16:57 2:08 2:14
Mike York 0 0 0 2 0 1 0 1 0 0 1/1 14:26 0:05 1:49
Nicklas Lidstrom 0 2 2 3 0 0 1 1 0 1 0/0 20:27 2:08 1:16
Patrick Marleau 1 0 1 -2 0 5 3 0 0 0 0/2 17:31 2:12 0:00
Pierre-Luc Létourneau 0 0 0 0 0 0 0 0 0 0 0/0 5:16 0:00 0:00
Pierre-Marc Bouchard 1 1 2 1 2 2 0 0 2 0 3/8 11:54 1:41 0:00
Radim Vrbata 0 1 1 -1 0 3 3 0 1 0 2/2 21:26 2:12 4:05
Riley Cote 0 0 0 0 0 0 2 0 0 0 0/2 11:41 1:41 0:00
Ryan Callahan 0 0 0 0 2 0 1 0 0 1 0/0 10:22 0:05 0:00
Saku Koivu 0 1 1 -2 2 1 3 0 0 0 12/32 21:43 2:12 3:36
Players Stats for Stars
Player Name G A P +/- PIM S H SB GA TA FO MP PP MP PK MP
------------------------------------------------------------------------------------
Alexei Morozov 0 1 1 -1 0 6 2 1 4 0 0/0 18:49 7:04 0:00
Brendan Bell 0 1 1 0 0 1 1 3 0 1 0/0 18:07 5:53 2:29
Daniel Cleary 0 0 0 -1 0 0 2 0 0 1 0/0 12:24 0:38 2:00
Daniel Sedin 0 1 1 2 0 4 1 0 0 0 0/1 22:20 7:04 0:47
Evgeny Artyukhin 1 0 1 1 0 2 1 0 0 0 0/0 7:30 0:00 0:00
Filip Novak 0 1 1 0 0 1 1 0 0 0 0/0 13:12 0:31 2:29
Henrik Sedin 3 0 3 2 2 6 0 0 0 0 22/35 22:09 7:04 0:00
Jan Hlavac 0 0 0 1 0 1 2 0 0 0 1/1 9:11 0:39 1:11
John Tavares 0 0 0 -2 0 0 0 0 0 0 12/18 17:22 5:13 0:47
Kurtis Foster 0 0 0 -2 0 4 1 0 0 0 0/0 22:58 6:58 1:29
Marty Reasoner 0 0 0 1 0 1 0 0 0 0 5/7 9:48 0:38 2:00
Matthew Spiller 0 0 0 1 0 1 2 0 0 2 0/0 19:49 0:04 0:00
Milan Michalek 0 0 0 -2 0 0 1 0 0 0 0/1 16:23 5:12 0:00
Pavel Kubina 0 2 2 2 0 1 3 3 1 0 0/0 26:55 6:58 0:00
Randy Jones 0 0 0 -3 0 0 1 1 0 2 0/0 20:47 5:26 1:29
Sean Avery 0 0 0 -1 2 1 1 0 0 0 0/0 10:16 0:00 0:00
Shane Doan 0 0 0 0 0 3 1 0 0 0 1/1 19:51 5:13 0:00
Tomas Plekanec 0 0 0 -2 0 3 2 0 2 0 5/10 11:45 0:00 1:11
3 Stars
1 - Marek Svatos (Mon)
2 - Henrik Sedin (Dal)
3 - Pavel Kubina (Dal)
Power Play
Canadiens - 0 on 2 Attempt(s) - 0,00%
Stars - 0 on 5 Attempt(s) - 0,00%
Penalty Kill
Canadiens - 5 on 5 Attempt(s) - 100,00%
- Score 0 goal in Penalty Kill
Stars - 2 on 2 Attempt(s) - 100,00%
- Score 0 goal in Penalty Kill
Official
Referees : Rooney Chris and Ciamaga Chris
Linesman : Shane Heyer and Steve Barton
Game Notes
Dennis Wideman ejected from game at 1:35 of 3rd period
Henrik Sedin has scored a Hat Trick!
Finance
Level 1 -- Attendance: 5376 (89,60%) -- Ticket Income 456 960 $
Level 2 -- Attendance: 4757 (95,14%) -- Ticket Income 261 635 $
Level 3 -- Attendance: 1820 (91,00%) -- Ticket Income 54 600 $
Level 4 -- Attendance: 3823 (95,58%) -- Ticket Income 72 637 $
Luxury Box -- Attendance: 808 (80,80%) -- Ticket Income 141 400 $
Game was played at the American Airlines Center
Total Attendance: 16584 (92,13%)
Total Ticket Income: 987 232 $
Other Income: 148 085 $
Total Income: 1 135 317 $
Canadiens
5 vs 5 Forward
Center Left Wing Right Wing Time % Phy DF OF
1 Saku Koivu Patrick Marleau Radim Vrbata 40 1 2 2
2 Mike Ribeiro Mike York Marek Svatos 30 1 2 2
3 Pierre-Marc Bouchard Riley Cote Ryan Callahan 20 1 1 3
4 Jamie Lundmark Pierre-Luc Létourneau Michel Ouellet 10 1 4 0
5 vs 5 Defense
Defense Defense Time % Phy DF OF
1 Jeff Woywitka Dennis Wideman 40 1 2 2
2 Brett Clark Nicklas Lidstrom 30 1 3 1
3 Matt Carle Josh Gorges 20 1 3 1
4 Jeff Woywitka Nicklas Lidstrom 10 0 4 1
PowerPlay Forward
Center Left Wing Right Wing Time % Phy DF OF
1 Saku Koivu Patrick Marleau Radim Vrbata 60 1 2 2
2 Pierre-Marc Bouchard Riley Cote Marek Svatos 40 1 2 2
PowerPlay Defense
Defense Defense Time % Phy DF OF
1 Mike Ribeiro Nicklas Lidstrom 60 0 1 4
2 Jeff Woywitka Dennis Wideman 40 1 1 3
Penalty Kill 4 Players Forward
Center Wing Time % Phy DF OF
1 Jamie Lundmark Michel Ouellet 60 1 4 0
2 Saku Koivu Radim Vrbata 40 1 3 1
Penalty Kill 4 Players Defense
Defense Defense Time % Phy DF OF
1 Jeff Woywitka Brett Clark 60 1 4 0
2 Matt Carle Josh Gorges 40 1 4 0
Penalty Kill - 3 Players Forward
Forward Time % Phy DF OF
1 Pierre-Marc Bouchard 60 1 4 0
2 Saku Koivu 40 0 5 0
Penalty Kill - 3 Players Defense
Defense Defense Time % Phy DF OF
1 Jeff Woywitka Brett Clark 60 1 4 0
2 Matt Carle Josh Gorges 40 1 4 0
4 vs 4 Forward
Center Wing Time % Phy DF OF
1 Saku Koivu Patrick Marleau 60 0 2 3
2 Pierre-Marc Bouchard Marek Svatos 40 1 2 2
4 vs 4 Defense
Defense Defense Time % Phy DF OF
1 Brett Clark Dennis Wideman 60 1 2 2
2 Josh Gorges Matt Carle 40 1 3 1
Last Minutes Offensive
Center Left Wing Right Wing Defense Defense
Mike Ribeiro Patrick Marleau Marek Svatos Nicklas Lidstrom Dennis Wideman
Last Minutes Defensive
Center Left Wing Right Wing Defense Defense
Saku Koivu Patrick Marleau Marek Svatos Jeff Woywitka Brett Clark
Goaltenders
Starting : Jaroslav Halak
Backup : Miika Kiprusoff
Extra Forwards
Normal : Mike York, Michel Ouellet, Radim Vrbata - PP : Ryan Callahan, Mike York - PK : Mike Ribeiro
Extra Defensemen
Normal : Matt Carle, Jeff Woywitka, Josh Gorges - PP : Matt Carle - PK : Nicklas Lidstrom, Dennis Wideman
Penalty Shots
Mike Ribeiro, Saku Koivu, Mike York, Marek Svatos, Patrick Marleau
Stars
5 vs 5 Forward
Center Left Wing Right Wing Time % Phy DF OF
1 Henrik Sedin Daniel Sedin Shane Doan 40 1 2 2
2 John Tavares Milan Michalek Alexei Morozov 30 1 2 2
3 Tomas Plekanec Sean Avery Daniel Cleary 20 1 2 2
4 Marty Reasoner Jan Hlavac Evgeny Artyukhin 10 1 2 2
5 vs 5 Defense
Defense Defense Time % Phy DF OF
1 Pavel Kubina Matthew Spiller 40 1 2 2
2 Kurtis Foster Randy Jones 30 1 2 2
3 Brendan Bell Filip Novak 20 1 2 2
4 Pavel Kubina Matthew Spiller 10 1 2 2
PowerPlay Forward
Center Left Wing Right Wing Time % Phy DF OF
1 Henrik Sedin Daniel Sedin Alexei Morozov 60 1 2 2
2 John Tavares Milan Michalek Shane Doan 40 1 2 2
PowerPlay Defense
Defense Defense Time % Phy DF OF
1 Pavel Kubina Kurtis Foster 60 1 2 2
2 Brendan Bell Randy Jones 40 1 2 2
Penalty Kill 4 Players Forward
Center Wing Time % Phy DF OF
1 Marty Reasoner Daniel Cleary 60 1 2 2
2 Tomas Plekanec Jan Hlavac 40 1 2 2
Penalty Kill 4 Players Defense
Defense Defense Time % Phy DF OF
1 Brendan Bell Filip Novak 60 1 2 2
2 Kurtis Foster Randy Jones 40 1 2 2
Penalty Kill - 3 Players Forward
Forward Time % Phy DF OF
1 Marty Reasoner 60 1 2 2
2 Tomas Plekanec 40 1 2 2
Penalty Kill - 3 Players Defense
Defense Defense Time % Phy DF OF
1 Brendan Bell Filip Novak 60 1 2 2
2 Kurtis Foster Randy Jones 40 1 2 2
4 vs 4 Forward
Center Wing Time % Phy DF OF
1 Henrik Sedin Alexei Morozov 60 1 2 2
2 Tomas Plekanec Shane Doan 40 1 2 2
4 vs 4 Defense
Defense Defense Time % Phy DF OF
1 Pavel Kubina Matthew Spiller 60 1 2 2
2 Kurtis Foster Randy Jones 40 1 2 2
Last Minutes Offensive
Center Left Wing Right Wing Defense Defense
Henrik Sedin Daniel Sedin Alexei Morozov Pavel Kubina Kurtis Foster
Last Minutes Defensive
Center Left Wing Right Wing Defense Defense
Marty Reasoner Jan Hlavac Daniel Cleary Matthew Spiller Randy Jones
Goaltenders
Starting : Pascal Leclaire
Backup : Patrick Lalime
Extra Forwards
Normal : Milan Michalek, Sean Avery, John Tavares - PP : Alexei Morozov, Daniel Sedin - PK : Daniel Cleary
Extra Defensemen
Normal : Brendan Bell, Filip Novak, Kurtis Foster - PP : Pavel Kubina - PK : Filip Novak, Kurtis Foster
Penalty Shots
Daniel Sedin, Alexei Morozov, John Tavares, Shane Doan, Milan Michalek
% Time on Ice - Canadiens
Lines # - Real PCT - Wanted PCT - Time Play
Normal Forward
1 - 34% - 40% - 14:35
2 - 31% - 30% - 13:12
3 - 23% - 20% - 10:00
4 - 12% - 10% - 5:16
Normal Defense
1 - 48% - 40% - 20:38
2 - 29% - 30% - 12:24
3 - 18% - 20% - 7:53
4 - 5% - 10% - 2:08
PP Forward
1 - 58% - 60% - 2:17
2 - 42% - 40% - 1:41
PP Defense
1 - 54% - 60% - 2:08
2 - 46% - 40% - 1:50
PK Forward
1 - 68% - 60% - 8:50
2 - 32% - 40% - 4:05
PK Defense
1 - 55% - 60% - 7:07
2 - 45% - 40% - 5:48
PK3 Forward
1 - 0% - 60%
2 - 0% - 40%
PK3 Defense
1 - 0% - 60%
2 - 0% - 40%
44 Forward
1 - 74% - 60% - 0:40
2 - 26% - 40% - 0:14
44 Defense
1 - 83% - 60% - 0:45
2 - 17% - 40% - 0:09
Last Minute Offensive - 0:00
Last Minute Defensive - 0:04
Total
Forward - 60:54
Defense - 60:54
|
% Time on Ice - Stars
Lines # - Real PCT - Wanted PCT - Time Play
Normal Forward
1 - 33% - 40% - 14:25
2 - 26% - 30% - 11:22
3 - 23% - 20% - 10:06
4 - 17% - 10% - 7:10
Normal Defense
1 - 41% - 40% - 17:46
2 - 31% - 30% - 13:24
3 - 20% - 20% - 8:46
4 - 7% - 10% - 3:07
PP Forward
1 - 55% - 60% - 7:07
2 - 45% - 40% - 5:48
PP Defense
1 - 54% - 60% - 7:02
2 - 46% - 40% - 5:53
PK Forward
1 - 70% - 60% - 2:47
2 - 30% - 40% - 1:11
PK Defense
1 - 63% - 60% - 2:29
2 - 37% - 40% - 1:29
PK3 Forward
1 - 0% - 60%
2 - 0% - 40%
PK3 Defense
1 - 0% - 60%
2 - 0% - 40%
44 Forward
1 - 69% - 60% - 0:37
2 - 31% - 40% - 0:17
44 Defense
1 - 48% - 60% - 0:26
2 - 52% - 40% - 0:28
Last Minute Offensive - 0:04
Last Minute Defensive - 0:00
Total
Forward - 60:54
Defense - 60:54
|
Play by Play
1st period
0:01 of 1st period - Shane Doan wins face-off versus Saku Koivu in neutral zone.
0:26 of 1st period - Slapshot by Pierre-Marc Bouchard.
0:26 of 1st period - Deflect By Riley Cote.
0:26 of 1st period - Shot Misses the Net.
0:26 of 1st period - Puck is out of play.
0:27 of 1st period - John Tavares wins face-off versus Riley Cote in Stars zone.
0:46 of 1st period - Icing by John Tavares.
0:47 of 1st period - Mike Ribeiro wins face-off versus John Tavares in Stars zone.
0:48 of 1st period - Wrist shot by Marek Svatos.
0:48 of 1st period - Stopped by Pascal Leclaire without a rebound.
0:49 of 1st period - Mike York wins face-off versus Tomas Plekanec in Stars zone.
1:07 of 1st period - Icing by Tomas Plekanec.
1:08 of 1st period - Tomas Plekanec wins face-off versus Saku Koivu in Stars zone.
1:19 of 1st period - Wrist shot by Patrick Marleau.
1:19 of 1st period - Stopped by Pascal Leclaire without a rebound.
1:20 of 1st period - Marty Reasoner wins face-off versus Jamie Lundmark in Stars zone.
1:46 of 1st period - Snap shot by Alexei Morozov.
1:46 of 1st period - Shot Blocked by Michel Ouellet.
2:05 of 1st period - Off-side.
2:06 of 1st period - Saku Koivu wins face-off versus Henrik Sedin in neutral zone.
2:56 of 1st period - Snap shot by Tomas Plekanec.
2:56 of 1st period - Shot Misses the Net.
2:58 of 1st period - Slapshot by Kurtis Foster.
2:58 of 1st period - Stopped by Jaroslav Halak with a rebound.
3:00 of 1st period - Slapshot by Kurtis Foster.
3:00 of 1st period - Stopped by Jaroslav Halak without a rebound.
3:01 of 1st period - Radim Vrbata wins face-off versus Henrik Sedin in Canadiens zone.
3:10 of 1st period - Snap shot by Saku Koivu.
3:10 of 1st period - Deflect By Patrick Marleau.
3:10 of 1st period - Goal by Patrick Marleau - Canadiens : 1 - Stars : 0.
3:11 of 1st period - Saku Koivu wins face-off versus Henrik Sedin in neutral zone.
3:26 of 1st period - Wrist shot by Henrik Sedin.
3:26 of 1st period - Stopped by Jaroslav Halak with a rebound.
3:36 of 1st period - Matthew Spiller is hit by Nicklas Lidstrom and loses puck.
5:00 of 1st period - Nicklas Lidstrom is hit by Randy Jones and loses puck.
5:13 of 1st period - Slapshot by Evgeny Artyukhin.
5:13 of 1st period - Deflect By Nicklas Lidstrom.
5:13 of 1st period - Shot Hit the Post.
5:13 of 1st period - Puck is out of play.
5:14 of 1st period - John Tavares wins face-off versus Saku Koivu in Canadiens zone.
5:17 of 1st period - Wrist shot by John Tavares.
5:17 of 1st period - Shot Misses the Net.
5:19 of 1st period - Wrist shot by Brendan Bell.
5:19 of 1st period - Deflect By Brett Clark.
5:19 of 1st period - Stopped by Jaroslav Halak without a rebound.
5:20 of 1st period - Saku Koivu wins face-off versus John Tavares in Canadiens zone.
5:31 of 1st period - Wrist shot by Alexei Morozov.
5:31 of 1st period - Stopped by Jaroslav Halak without a rebound.
5:32 of 1st period - Henrik Sedin wins face-off versus Saku Koivu in Canadiens zone.
6:01 of 1st period - Snap shot by Tomas Plekanec.
6:01 of 1st period - Stopped by Jaroslav Halak with a rebound.
6:21 of 1st period - Backhand shot by Patrick Marleau.
6:21 of 1st period - Stopped by Pascal Leclaire without a rebound.
6:22 of 1st period - Henrik Sedin wins face-off versus Mike Ribeiro in Stars zone.
6:31 of 1st period - Mike Ribeiro is hit by Kurtis Foster and loses puck.
6:45 of 1st period - Icing by Mike Ribeiro.
6:46 of 1st period - John Tavares wins face-off versus Riley Cote in Canadiens zone.
7:13 of 1st period - Matthew Spiller is hit by Marek Svatos and loses puck.
7:41 of 1st period - Icing by Patrick Marleau.
7:42 of 1st period - Radim Vrbata wins face-off versus Milan Michalek in Canadiens zone.
7:49 of 1st period - Snap shot by Patrick Marleau.
7:49 of 1st period - Shot Misses the Net.
7:57 of 1st period - Slapshot by Radim Vrbata.
7:57 of 1st period - Stopped by Pascal Leclaire without a rebound.
7:58 of 1st period - Pierre-Marc Bouchard wins face-off versus Henrik Sedin in Stars zone.
8:10 of 1st period - Slapshot by Matt Carle.
8:10 of 1st period - Shot Misses the Net.
8:12 of 1st period - Slapshot by Matt Carle.
8:12 of 1st period - Shot Blocked by Brendan Bell.
8:14 of 1st period - Slapshot by Josh Gorges.
8:14 of 1st period - Stopped by Pascal Leclaire without a rebound.
8:15 of 1st period - John Tavares wins face-off versus Mike Ribeiro in Stars zone.
8:48 of 1st period - Minor Penalty to Ryan Callahan for Hooking.
8:49 of 1st period - Jamie Lundmark wins face-off versus Henrik Sedin in Canadiens zone.
8:57 of 1st period - Slapshot by Pavel Kubina.
8:57 of 1st period - Shot Blocked by Jeff Woywitka.
8:59 of 1st period - Snap shot by Kurtis Foster.
8:59 of 1st period - Stopped by Jaroslav Halak with a rebound.
9:01 of 1st period - Wrist shot by Henrik Sedin.
9:01 of 1st period - Stopped by Jaroslav Halak with a rebound.
9:03 of 1st period - Wrist shot by Daniel Sedin.
9:03 of 1st period - Shot Misses the Net.
9:51 of 1st period - Slapshot by Radim Vrbata.
9:51 of 1st period - Stopped by Pascal Leclaire without a rebound.
9:52 of 1st period - Henrik Sedin wins face-off versus Saku Koivu in Stars zone.
10:05 of 1st period - Wrist shot by Alexei Morozov.
10:05 of 1st period - Shot Misses the Net.
10:48 of 1st period - Penalty to Ryan Callahan is over, Ryan Callahan is back on ice.
11:03 of 1st period - Matt Carle is hit by Sean Avery.
11:09 of 1st period - Backhand shot by Mike Ribeiro.
11:09 of 1st period - Shot Blocked by Pavel Kubina.
11:11 of 1st period - Snap shot by Jeff Woywitka.
11:11 of 1st period - Stopped by Pascal Leclaire without a rebound.
11:12 of 1st period - Marty Reasoner wins face-off versus Saku Koivu in Stars zone.
11:12 of 1st period - Marty Reasoner is hit by Radim Vrbata.
11:37 of 1st period - Marek Svatos is hit by Daniel Sedin and loses puck.
11:47 of 1st period - Icing by Marek Svatos.
11:48 of 1st period - Henrik Sedin wins face-off versus Mike Ribeiro in Canadiens zone.
11:49 of 1st period - Slapshot by Daniel Sedin.
11:49 of 1st period - Stopped by Jaroslav Halak without a rebound.
11:50 of 1st period - Henrik Sedin wins face-off versus Saku Koivu in Canadiens zone.
12:01 of 1st period - Slapshot by Daniel Sedin.
12:01 of 1st period - Shot Blocked by Nicklas Lidstrom.
12:03 of 1st period - Slapshot by Shane Doan.
12:03 of 1st period - Stopped by Jaroslav Halak without a rebound.
12:04 of 1st period - Saku Koivu wins face-off versus John Tavares in Canadiens zone.
13:10 of 1st period - Wrist shot by Marek Svatos.
13:10 of 1st period - Goal by Marek Svatos - Canadiens : 2 - Stars : 0.
13:11 of 1st period - Saku Koivu wins face-off versus Henrik Sedin in neutral zone.
13:17 of 1st period - Off-side.
13:18 of 1st period - Henrik Sedin wins face-off versus Saku Koivu in neutral zone.
13:31 of 1st period - Snap shot by Henrik Sedin.
13:31 of 1st period - Goal by Henrik Sedin - Canadiens : 2 - Stars : 1.
13:32 of 1st period - Henrik Sedin wins face-off versus Saku Koivu in neutral zone.
13:46 of 1st period - Off-side.
13:47 of 1st period - Mike Ribeiro wins face-off versus John Tavares in neutral zone.
13:50 of 1st period - Brendan Bell is hit by Mike Ribeiro and loses puck.
13:59 of 1st period - Snap shot by Alexei Morozov.
13:59 of 1st period - Shot Misses the Net.
14:13 of 1st period - Henrik Sedin is hit by Patrick Marleau and loses puck.
14:18 of 1st period - Snap shot by Radim Vrbata.
14:18 of 1st period - Deflect By Patrick Marleau.
14:18 of 1st period - Stopped by Pascal Leclaire with a rebound.
14:40 of 1st period - Sean Avery is hit by Matt Carle.
15:16 of 1st period - Marek Svatos is hit by Jan Hlavac and loses puck.
15:21 of 1st period - Slapshot by Pavel Kubina.
15:21 of 1st period - Deflect By Evgeny Artyukhin.
15:21 of 1st period - Stopped by Jaroslav Halak without a rebound.
15:22 of 1st period - Henrik Sedin wins face-off versus Saku Koivu in Canadiens zone.
15:23 of 1st period - Snap shot by Daniel Sedin.
15:23 of 1st period - Stopped by Jaroslav Halak with a rebound.
15:25 of 1st period - Wrist shot by Shane Doan.
15:25 of 1st period - Shot Blocked by Dennis Wideman.
15:27 of 1st period - Slapshot by Shane Doan.
15:27 of 1st period - Stopped by Jaroslav Halak without a rebound.
15:28 of 1st period - Saku Koivu wins face-off versus Henrik Sedin in Canadiens zone.
15:45 of 1st period - Henrik Sedin is hit by Saku Koivu and loses puck.
16:06 of 1st period - Snap shot by Shane Doan.
16:06 of 1st period - Stopped by Jaroslav Halak with a rebound.
16:08 of 1st period - Snap shot by Henrik Sedin.
16:08 of 1st period - Shot Hit the Post.
16:32 of 1st period - Jeff Woywitka is hit by Pavel Kubina and loses puck.
17:29 of 1st period - Wrist shot by Henrik Sedin.
17:29 of 1st period - Shot Misses the Net.
17:31 of 1st period - Slapshot by Henrik Sedin.
17:31 of 1st period - Stopped by Jaroslav Halak with a rebound.
17:33 of 1st period - Slapshot by Matthew Spiller.
17:33 of 1st period - Stopped by Jaroslav Halak without a rebound.
17:34 of 1st period - John Tavares wins face-off versus Mike Ribeiro in Canadiens zone.
17:35 of 1st period - Slapshot by Alexei Morozov.
17:35 of 1st period - Stopped by Jaroslav Halak without a rebound.
17:36 of 1st period - Mike Ribeiro wins face-off versus John Tavares in Canadiens zone.
19:04 of 1st period - Michel Ouellet is hit by Brendan Bell and loses puck.
19:24 of 1st period - Backhand shot by Jan Hlavac.
19:24 of 1st period - Stopped by Jaroslav Halak with a rebound.
19:26 of 1st period - Slapshot by Kurtis Foster.
19:26 of 1st period - Shot Blocked by Brett Clark.
19:45 of 1st period - Icing by Randy Jones.
19:46 of 1st period - Mike Ribeiro wins face-off versus Tomas Plekanec in Stars zone.
Goals for this period are 2 for Canadiens vs 1 for Stars.
Shots for this period are 10 for Canadiens vs 19 for Stars.
2nd period
0:01 of 2nd period - John Tavares wins face-off versus Mike Ribeiro in neutral zone.
0:16 of 2nd period - Wrist shot by Alexei Morozov.
0:16 of 2nd period - Shot Blocked by Mike Ribeiro.
0:30 of 2nd period - Off-side.
0:31 of 2nd period - Henrik Sedin wins face-off versus Saku Koivu in neutral zone.
0:34 of 2nd period - Matt Carle is hit by Shane Doan and loses puck.
0:55 of 2nd period - Backhand shot by Radim Vrbata.
0:55 of 2nd period - Shot Misses the Net.
0:57 of 2nd period - Slapshot by Josh Gorges.
0:57 of 2nd period - Deflect By Patrick Marleau.
0:57 of 2nd period - Shot Blocked by Alexei Morozov.
0:57 of 2nd period - Puck is out of play.
0:58 of 2nd period - John Tavares wins face-off versus Mike Ribeiro in Stars zone.
1:07 of 2nd period - Snap shot by John Tavares.
1:07 of 2nd period - Shot Misses the Net.
1:09 of 2nd period - Snap shot by Milan Michalek.
1:09 of 2nd period - Shot Blocked by Jeff Woywitka.
1:11 of 2nd period - Slapshot by Milan Michalek.
1:11 of 2nd period - Shot Blocked by Dennis Wideman.
1:13 of 2nd period - Slapshot by Matthew Spiller.
1:13 of 2nd period - Shot Blocked by Jeff Woywitka.
1:27 of 2nd period - Snap shot by Daniel Sedin.
1:27 of 2nd period - Shot Misses the Net.
1:45 of 2nd period - Randy Jones is hit by Jeff Woywitka and loses puck.
1:52 of 2nd period - Slapshot by Saku Koivu.
1:52 of 2nd period - Stopped by Pascal Leclaire without a rebound.
1:53 of 2nd period - John Tavares wins face-off versus Mike Ribeiro in Stars zone.
1:58 of 2nd period - Marek Svatos is hit by Alexei Morozov and loses puck.
2:03 of 2nd period - Snap shot by Alexei Morozov.
2:03 of 2nd period - Shot Misses the Net.
2:40 of 2nd period - Wrist shot by Pierre-Marc Bouchard.
2:40 of 2nd period - Stopped by Pascal Leclaire with a rebound.
2:46 of 2nd period - Pierre-Marc Bouchard is hit by Tomas Plekanec and loses puck.
3:09 of 2nd period - Snap shot by Michel Ouellet.
3:09 of 2nd period - Stopped by Pascal Leclaire with a rebound.
3:11 of 2nd period - Slapshot by Michel Ouellet.
3:11 of 2nd period - Shot Misses the Net.
3:40 of 2nd period - Minor Penalty to Henrik Sedin for Tripping.
3:41 of 2nd period - Marty Reasoner wins face-off versus Saku Koivu in Stars zone.
3:49 of 2nd period - Wrist shot by Saku Koivu.
3:49 of 2nd period - Shot Blocked by Randy Jones.
4:57 of 2nd period - Nicklas Lidstrom is hit by Filip Novak and loses puck.
5:40 of 2nd period - Penalty to Henrik Sedin is over, Henrik Sedin is back on ice.
5:50 of 2nd period - Snap shot by Michel Ouellet.
5:50 of 2nd period - Stopped by Pascal Leclaire without a rebound.
5:51 of 2nd period - Henrik Sedin wins face-off versus Jamie Lundmark in Stars zone.
6:35 of 2nd period - Slapshot by Evgeny Artyukhin.
6:35 of 2nd period - Shot Misses the Net.
6:37 of 2nd period - Slapshot by Kurtis Foster.
6:37 of 2nd period - Shot Misses the Net.
6:39 of 2nd period - Slapshot by Randy Jones.
6:39 of 2nd period - Shot Blocked by Mike York.
6:41 of 2nd period - Snap shot by Jan Hlavac.
6:41 of 2nd period - Shot Misses the Net.
6:43 of 2nd period - Snap shot by Marty Reasoner.
6:43 of 2nd period - Stopped by Jaroslav Halak without a rebound.
6:44 of 2nd period - Henrik Sedin wins face-off versus Saku Koivu in Canadiens zone.
6:57 of 2nd period - Slapshot by Daniel Sedin.
6:57 of 2nd period - Stopped by Jaroslav Halak with a rebound.
6:59 of 2nd period - Minor Penalty to Saku Koivu for Tripping.
7:00 of 2nd period - Jamie Lundmark wins face-off versus Henrik Sedin in Canadiens zone.
7:30 of 2nd period - Icing by Shane Doan.
7:31 of 2nd period - Jamie Lundmark wins face-off versus John Tavares in Stars zone.
8:11 of 2nd period - Snap shot by Radim Vrbata.
8:11 of 2nd period - Shot Blocked by Pavel Kubina.
8:59 of 2nd period - Penalty to Saku Koivu is over, Saku Koivu is back on ice.
9:15 of 2nd period - Snap shot by Jan Hlavac.
9:15 of 2nd period - Shot Misses the Net.
9:17 of 2nd period - Slapshot by Jan Hlavac.
9:17 of 2nd period - Shot Misses the Net.
9:19 of 2nd period - Slapshot by Filip Novak.
9:19 of 2nd period - Stopped by Jaroslav Halak with a rebound.
9:31 of 2nd period - Jamie Lundmark is hit by Daniel Cleary and loses puck.
9:50 of 2nd period - Evgeny Artyukhin is hit by Ryan Callahan and loses puck.
9:59 of 2nd period - Slapshot by Jeff Woywitka.
9:59 of 2nd period - Shot Misses the Net.
10:56 of 2nd period - Icing by Jan Hlavac.
10:57 of 2nd period - Jan Hlavac wins face-off versus Pierre-Marc Bouchard in Stars zone.
11:11 of 2nd period - Wrist shot by Henrik Sedin.
11:11 of 2nd period - Goal by Henrik Sedin - Canadiens : 2 - Stars : 2.
11:12 of 2nd period - Henrik Sedin wins face-off versus Saku Koivu in neutral zone.
11:15 of 2nd period - Snap shot by Shane Doan.
11:15 of 2nd period - Shot Misses the Net.
11:17 of 2nd period - Snap shot by Daniel Sedin.
11:17 of 2nd period - Stopped by Jaroslav Halak with a rebound.
11:59 of 2nd period - Wrist shot by Tomas Plekanec.
11:59 of 2nd period - Stopped by Jaroslav Halak with a rebound.
12:22 of 2nd period - Off-side.
12:23 of 2nd period - Marty Reasoner wins face-off versus Patrick Marleau in neutral zone.
12:38 of 2nd period - Slapshot by Radim Vrbata.
12:38 of 2nd period - Stopped by Pascal Leclaire without a rebound.
12:39 of 2nd period - Henrik Sedin wins face-off versus Mike Ribeiro in Stars zone.
12:44 of 2nd period - Snap shot by Mike York.
12:44 of 2nd period - Shot Misses the Net.
12:46 of 2nd period - Snap shot by Nicklas Lidstrom.
12:46 of 2nd period - Shot Misses the Net.
12:48 of 2nd period - Snap shot by Mike Ribeiro.
12:48 of 2nd period - Stopped by Pascal Leclaire without a rebound.
12:49 of 2nd period - Mike Ribeiro wins face-off versus Daniel Sedin in Stars zone.
13:04 of 2nd period - Wrist shot by Mike Ribeiro.
13:04 of 2nd period - Stopped by Pascal Leclaire with a rebound.
13:06 of 2nd period - Slapshot by Brett Clark.
13:06 of 2nd period - Deflect By Mike York.
13:06 of 2nd period - Stopped by Pascal Leclaire without a rebound.
13:07 of 2nd period - John Tavares wins face-off versus Saku Koivu in Stars zone.
13:32 of 2nd period - Mike Ribeiro is hit by Pavel Kubina and loses puck.
13:53 of 2nd period - Slapshot by Tomas Plekanec.
13:53 of 2nd period - Stopped by Jaroslav Halak with a rebound.
14:37 of 2nd period - Snap shot by Alexei Morozov.
14:37 of 2nd period - Stopped by Jaroslav Halak with a rebound.
15:31 of 2nd period - Jeff Woywitka is hit by Jan Hlavac and loses puck.
15:42 of 2nd period - Snap shot by Jan Hlavac.
15:42 of 2nd period - Shot Blocked by Dennis Wideman.
16:08 of 2nd period - Minor Penalty to Pierre-Marc Bouchard for Hooking.
16:09 of 2nd period - Jamie Lundmark wins face-off versus Henrik Sedin in Canadiens zone.
17:03 of 2nd period - Brendan Bell is hit by Radim Vrbata.
17:55 of 2nd period - Slapshot by Dennis Wideman.
17:55 of 2nd period - Deflect By Radim Vrbata.
17:55 of 2nd period - Shot Blocked by Brendan Bell.
17:55 of 2nd period - Puck is out of play.
17:56 of 2nd period - Saku Koivu wins face-off versus Henrik Sedin in Stars zone.
18:08 of 2nd period - Penalty to Pierre-Marc Bouchard is over, Pierre-Marc Bouchard is back on ice.
18:20 of 2nd period - Minor Penalty to Jeff Woywitka for Tripping.
18:21 of 2nd period - Henrik Sedin wins face-off versus Jamie Lundmark in Canadiens zone.
Goals for this period are 0 for Canadiens vs 1 for Stars.
Shots for this period are 8 for Canadiens vs 8 for Stars.
3rd period
0:01 of 3rd period - Henrik Sedin wins face-off versus Jamie Lundmark in neutral zone.
0:20 of 3rd period - Penalty to Jeff Woywitka is over, Jeff Woywitka is back on ice.
0:50 of 3rd period - Marek Svatos is hit by Alexei Morozov and loses puck.
0:55 of 3rd period - Snap shot by Alexei Morozov.
0:55 of 3rd period - Stopped by Jaroslav Halak with a rebound.
0:57 of 3rd period - Slapshot by Alexei Morozov.
0:57 of 3rd period - Stopped by Jaroslav Halak without a rebound.
0:58 of 3rd period - Saku Koivu wins face-off versus Henrik Sedin in Canadiens zone.
1:35 of 3rd period - Major / Game Misconduct Penalty to Dennis Wideman for Unsportsmanlike conduct.
1:35 of 3rd period - Dennis Wideman is ejected from game.
1:36 of 3rd period - Henrik Sedin wins face-off versus Jamie Lundmark in Canadiens zone.
1:37 of 3rd period - Snap shot by Alexei Morozov.
1:37 of 3rd period - Shot Misses the Net.
1:39 of 3rd period - Wrist shot by Daniel Sedin.
1:39 of 3rd period - Deflect By Alexei Morozov.
1:39 of 3rd period - Stopped by Jaroslav Halak without a rebound.
1:40 of 3rd period - Jamie Lundmark wins face-off versus Henrik Sedin in Canadiens zone.
1:53 of 3rd period - Slapshot by Henrik Sedin.
1:53 of 3rd period - Shot Misses the Net.
2:07 of 3rd period - Snap shot by Pavel Kubina.
2:07 of 3rd period - Deflect By Shane Doan.
2:07 of 3rd period - Shot Misses the Net.
2:07 of 3rd period - Puck is out of play.
2:08 of 3rd period - John Tavares wins face-off versus Saku Koivu in Canadiens zone.
2:44 of 3rd period - Off-side.
2:45 of 3rd period - John Tavares wins face-off versus Jamie Lundmark in neutral zone.
3:15 of 3rd period - Off-side.
3:16 of 3rd period - Henrik Sedin wins face-off versus Michel Ouellet in neutral zone.
3:21 of 3rd period - Slapshot by Henrik Sedin.
3:21 of 3rd period - Shot Misses the Net.
3:23 of 3rd period - Wrist shot by Alexei Morozov.
3:23 of 3rd period - Deflect By Henrik Sedin.
3:23 of 3rd period - Shot Misses the Net.
3:23 of 3rd period - Puck is out of play.
3:24 of 3rd period - Henrik Sedin wins face-off versus Jamie Lundmark in Canadiens zone.
4:23 of 3rd period - Slapshot by Henrik Sedin.
4:23 of 3rd period - Shot Blocked by Jeff Woywitka.
4:59 of 3rd period - Icing by Randy Jones.
5:00 of 3rd period - Henrik Sedin wins face-off versus Mike Ribeiro in Stars zone.
6:35 of 3rd period - Penalty to Dennis Wideman is over, Marek Svatos is send on ice.
6:42 of 3rd period - Snap shot by Riley Cote.
6:42 of 3rd period - Shot Misses the Net.
6:54 of 3rd period - Jan Hlavac is hit by Jeff Woywitka and loses puck.
7:11 of 3rd period - Tomas Plekanec is hit by Patrick Marleau and loses puck.
7:24 of 3rd period - Riley Cote is hit by Milan Michalek.
8:13 of 3rd period - Filip Novak is hit by Saku Koivu and loses puck.
9:13 of 3rd period - Sean Avery is hit by Saku Koivu and loses puck.
10:04 of 3rd period - Henrik Sedin is hit by Riley Cote.
10:28 of 3rd period - Sean Avery is hit by Patrick Marleau.
11:18 of 3rd period - Sean Avery is hit by Brett Clark and loses puck.
11:31 of 3rd period - Matthew Spiller is hit by Mike Ribeiro and loses puck.
12:44 of 3rd period - Brett Clark is hit by Daniel Cleary and loses puck.
13:06 of 3rd period - Mike York is hit by Matthew Spiller and loses puck.
13:24 of 3rd period - Matt Carle is hit by Evgeny Artyukhin and loses puck.
13:33 of 3rd period - Icing by Randy Jones.
13:34 of 3rd period - Marty Reasoner wins face-off versus Patrick Marleau in Stars zone.
13:41 of 3rd period - Snap shot by Evgeny Artyukhin.
13:41 of 3rd period - Shot Misses the Net.
13:47 of 3rd period - Wrist shot by Evgeny Artyukhin.
13:47 of 3rd period - Goal by Evgeny Artyukhin - Canadiens : 2 - Stars : 3.
13:48 of 3rd period - Saku Koivu wins face-off versus Henrik Sedin in neutral zone.
14:04 of 3rd period - Snap shot by Saku Koivu.
14:04 of 3rd period - Shot Blocked by Pavel Kubina.
14:26 of 3rd period - Off-side.
14:27 of 3rd period - Tomas Plekanec wins face-off versus Pierre-Marc Bouchard in neutral zone.
14:36 of 3rd period - Slapshot by Sean Avery.
14:36 of 3rd period - Stopped by Jaroslav Halak without a rebound.
14:37 of 3rd period - Tomas Plekanec wins face-off versus Saku Koivu in Canadiens zone.
14:47 of 3rd period - Off-side.
14:48 of 3rd period - Henrik Sedin wins face-off versus Saku Koivu in neutral zone.
15:02 of 3rd period - Icing by Brett Clark.
15:03 of 3rd period - Saku Koivu wins face-off versus Tomas Plekanec in Canadiens zone.
15:03 of 3rd period - Saku Koivu is hit by Pavel Kubina.
15:11 of 3rd period - Snap shot by Patrick Marleau.
15:11 of 3rd period - Stopped by Pascal Leclaire without a rebound.
15:12 of 3rd period - Tomas Plekanec wins face-off versus Pierre-Marc Bouchard in Stars zone.
15:24 of 3rd period - Minor Penalty to Sean Avery for Boarding.
15:25 of 3rd period - Saku Koivu wins face-off versus Marty Reasoner in Stars zone.
15:39 of 3rd period - Snap shot by Mike Ribeiro.
15:39 of 3rd period - Shot Blocked by Brendan Bell.
15:55 of 3rd period - Marty Reasoner is hit by Riley Cote.
16:15 of 3rd period - Off-side.
16:16 of 3rd period - Saku Koivu wins face-off versus Marty Reasoner in neutral zone.
16:28 of 3rd period - Daniel Cleary is hit by Radim Vrbata and loses puck.
17:24 of 3rd period - Penalty to Sean Avery is over, Sean Avery is back on ice.
17:34 of 3rd period - Slapshot by Kurtis Foster.
17:34 of 3rd period - Stopped by Jaroslav Halak without a rebound.
17:35 of 3rd period - John Tavares wins face-off versus Pierre-Marc Bouchard in Canadiens zone.
17:44 of 3rd period - Slapshot by Alexei Morozov.
17:44 of 3rd period - Shot Misses the Net.
18:16 of 3rd period - Snap shot by Sean Avery.
18:16 of 3rd period - Shot Misses the Net.
18:27 of 3rd period - Nicklas Lidstrom is hit by Tomas Plekanec and loses puck.
18:44 of 3rd period - Snap shot by Mike Ribeiro.
18:44 of 3rd period - Goal by Mike Ribeiro - Canadiens : 3 - Stars : 3.
18:45 of 3rd period - Pierre-Marc Bouchard wins face-off versus Tomas Plekanec in neutral zone.
18:56 of 3rd period - Slapshot by Pavel Kubina.
18:56 of 3rd period - Stopped by Jaroslav Halak without a rebound.
18:57 of 3rd period - Pierre-Marc Bouchard wins face-off versus Tomas Plekanec in Canadiens zone.
18:57 of 3rd period - Pierre-Marc Bouchard is hit by Matthew Spiller.
19:52 of 3rd period - Snap shot by Marek Svatos.
19:52 of 3rd period - Goal by Marek Svatos - Canadiens : 4 - Stars : 3.
19:53 of 3rd period - Henrik Sedin wins face-off versus Saku Koivu in neutral zone.
19:56 of 3rd period - Stars, Pascal Leclaire is pulled from the net.
19:56 of 3rd period - Slapshot by Henrik Sedin.
19:56 of 3rd period - Goal by Henrik Sedin - Canadiens : 4 - Stars : 4.
19:56 of 3rd period - Pascal Leclaire from Stars was sent back in the game.
19:57 of 3rd period - Tomas Plekanec wins face-off versus Pierre-Marc Bouchard in neutral zone.
Goals for this period are 2 for Canadiens vs 2 for Stars.
Shots for this period are 3 for Canadiens vs 8 for Stars.
Overtime #1
0:01 of 1st overtime period - Henrik Sedin wins face-off versus Saku Koivu in neutral zone.
0:43 of 1st overtime period - Randy Jones is hit by Jeff Woywitka and loses puck.
0:52 of 1st overtime period - Snap shot by Pierre-Marc Bouchard.
0:52 of 1st overtime period - Shot Misses the Net.
0:54 of 1st overtime period - Wrist shot by Pierre-Marc Bouchard.
0:54 of 1st overtime period - Goal by Pierre-Marc Bouchard - Canadiens : 5 - Stars : 4.
Goals for this period are 1 for Canadiens vs 0 for Stars.
Shots for this period are 1 for Canadiens vs 0 for Stars.
Output by the SimonT Hockey Simulator (STHS) for François Prévost -- Original Page W3C XHTML 1.0 Valid